 Dungeon Crawl Stone Soup version 0.28-a0-728-g0181a31188 (webtiles) character file.

Game seed: 10540571900928798178

11508 Johnny the Warrior (level 12, -3/120 HPs)
             Began as a Human Berserker on Oct 28, 2021.
             Was a High Priest of Trog.
             Slain by an ogre (25 damage)
             ... on level 1 of the Orcish Mines.
             The game lasted 00:13:36 (11668 turns).

Johnny the Warrior (Human Berserker)               Turns: 11668, Time: 00:13:36

Health: -3/120     AC:  7    Str: 21    XL:     12   Next: 8%
Magic:  0/12       EV: 13    Int:  9    God:    Trog [*****.]
Gold:   1129       SH:  0    Dex: 13    Spells: 11/11 levels left

rFire   + . .      SeeInvis .   p - +4 scimitar (freeze)
rCold   + . .      Faith    .   (no shield)
rNeg    . . .      Spirit   +   J - +0 troll leather armour
rPois   .          Reflect  .   (no helmet)
rElec   .          Harm     .   H - scarf {rC+ rF+}
rCorr   .          Rampage  .   k - +2 pair of gloves {Stlth+}
Will    ++...                   (no boots)
Stlth   ++........              n - amulet of guardian spirit
HPRegen 2.30/turn               g - +4 ring of slaying
MPRegen 0.13/turn               N - +4 ring of evasion

@: about to teleport, grasped by roots, strong-willed (expiring), regenerating
(expiring), constricted, studying Fighting, invisible
A: no striking features
a: Renounce Religion, Berserk, Trog's Hand, Brothers in Arms


You were on level 1 of the Orcish Mines.
You worshipped Trog.
Trog was extremely pleased with you.
You visited 2 branches of the dungeon, and saw 11 of its levels.

You collected 2229 gold pieces.
You spent 1100 gold pieces at shops.

Inventory:

Hand Weapons
 a - a +0 falchion
 o - a +4 great sword
 p - a +4 scimitar of freezing (weapon)
 y - a +0 great sword
Missiles
 s - 3 throwing nets (quivered)
Armour
 k - a +2 pair of gloves of stealth (worn)
 l - a +1 chain mail of cold resistance
 D - +0 swamp dragon scales
 H - a scarf of resistance (worn)
 J - a +0 troll leather armour (worn)
Jewellery
 g - a +4 ring of slaying (left hand)
 m - a +4 ring of slaying
 n - an amulet of guardian spirit (around neck)
 N - a +4 ring of evasion (right hand)
Wands
 u - a wand of mindburst (4)
 L - a wand of polymorph (13)
Scrolls
 b - a scroll of vulnerability
 i - 4 scrolls of noise
 j - 7 scrolls of magic mapping
 r - 4 scrolls of teleportation
 v - 2 scrolls of fog
 G - 2 scrolls of amnesia
Potions
 c - 3 potions of ambrosia
 d - a potion of haste
 e - 5 potions of curing
 f - 3 potions of heal wounds
 h - 2 potions of mutation
 q - 4 potions of resistance
 w - a potion of brilliance
 x - a potion of flight {unknown}
 z - 2 potions of berserk rage
 A - a potion of invisibility
 B - 3 potions of lignification {unknown}
 C - 3 potions of degeneration
 E - a potion of magic
 F - a potion of attraction


   Skills:
 + Level 19.8 Fighting
 - Level 9.1 Long Blades
 - Level 2.0 Armour
 - Level 2.0 Dodging


You had 11 spell levels left.
You didn't know any spells.
Your spell library was empty.

Dungeon Overview and Level Annotations

Branches:
Dungeon (9/15)             Temple (0/1) D:4             Orc (2/2) D:9
    Elf (0/3) Orc:2
   Lair: D:8-11

Altars:
Dithmenos
Elyvilon
Fedhas
Gozag
Kikubaaqudgha
Nemelex Xobeh
Okawaru
Ru
Trog
Uskayaw
Wu Jian

Shops:
D:1 (*!   D:2 [   D:5 :?   D:6 :   Orc:2 =*

Annotations:
Orc:1 Jorgrun


Message History

The orc warrior throws a boomerang.
The boomerang barely misses you.
The orc sorcerer casts a spell.
The orc warrior throws a boomerang.
The boomerang hits you.
The orc high priest mumbles some strange prayers to Beogh against you.
Beogh smites you!
There is a stone staircase leading up here.
You feel the effects of Trog's Hand fading.
The orc sorcerer mumbles some strange words.
The troll closely misses you. x2; The troll claws you!
You climb upwards.
Level annotation: Jorgrun The warg misses you.
Jorgrun says, "I've ne'er se'n tha particular type o' rock formation 'fore."
Jorgrun points at you and mumbles some strange words.
Roots burst forth from the earth!
The grasping roots grab you! The grasping roots constrict you!
The warg bites you! The orc completely misses you.
The grasping roots constrict you!!
There is a stone staircase leading down, spattered with blood here.
You hit the warg. You freeze the warg.
The warg is lightly wounded.
The warg bites you!
An orc comes into view. It is wielding a +0 mace.
The troll closely misses you. The troll barely misses you. The troll claws you.
The orc hits you with a +0 hand axe.
A troll comes into view.
The grasping roots constrict you.
Unknown command.
As you read the scroll of teleportation, it crumbles to dust.
You feel strangely unstable.
The troll shouts!
The orc shouts!
The warg bites you. The troll misses you. The troll closely misses you.
The troll claws you. The grasping roots constrict you!
* * * LOW HITPOINT WARNING * * *
The warg closely misses you.
You fade into invisibility!
The warg bites you!
* * * LOW HITPOINT WARNING * * *
The ogre hits you with a +0 giant club!!
You die...

...............
.......T.$.....
...............
...............
...............
#.#...........#
......h.T....o.
......O@o......
..............#
............$..
#..............
##.....g.#.....
##...#...##.#.
....#..# ##
....#...#


You could see Jorgrun, 2 trolls, a warg, an ogre and 2 orcs.

Vanquished Creatures
  An orc high priest (Orc:1)
  Pikel (D:7)
  An orc knight (Orc:1)
  4 orc sorcerers
  Psyche (D:8)
  Maggie (D:7)
  3 trolls
  A troll (shapeshifter) (D:9)
  Grinder (D:4)
  Prince Ribbit (D:7)
  A vampire (D:9)
  A wyvern (D:7)
  2 water moccasins (D:5)
  2 ice beasts (D:6)
  20 orc warriors
  A black bear (D:5)
  6 ogres
  3 sky beasts
  2 necrophages
  A centaur (D:9)
  A lemure (D:7)
  2 phantoms (D:6)
  A kobold brigand (D:8)
  2 scorpions
  10 killer bees
  10 wights
  2 electric eels (D:9)
  A howler monkey (D:7)
  3 centaur zombies
  A bullfrog zombie (D:6)
  2 hounds (D:6)
  3 gnoll shamans
  5 orc priests
  A centaur skeleton (D:7)
  18 orc wizards
  Ijyb (D:3)
  2 iguanas
  A killer bee zombie (D:7)
  2 howler monkey zombies (D:9)
  26 gnolls
  7 adders
  A white imp (D:5)
  An ufetubus (D:5)
  An adder skeleton (D:4)
  7 worms
  A dart slug (D:2)
  61 orcs
  7 endoplasms
  4 giant cockroaches
  17 goblins
  12 hobgoblins
  3 jackals (D:1)
  5 quokkas
  6 ball pythons
  6 bats
  4 frilled lizards
  16 kobolds
  5 rats
312 creatures vanquished.

Vanquished Creatures (collateral kills)
  An orc warrior (Orc:2)
  5 orcs (Orc:2)
6 creatures vanquished.

Vanquished Creatures (others)
  A steam dragon (D:9)
  2 killer bees (D:9)
  14 fungi (Orc:2)
  2 plants (D:5)
19 creatures vanquished.

Grand Total: 337 creatures vanquished

Notes
Turn   | Place    | Note
-------+----------+-------------------------------------------
     0 | D:1      | Johnny the Human Berserker began the quest for the Orb.
     0 | D:1      | Reached XP level 1. HP: 18/18 MP: 1/1
    35 | D:1      | Found Ywke's Assorted Antiques.
   396 | D:1      | Reached XP level 2. HP: 19/24 MP: 2/2
   454 | D:1      | Found Pilir's Antique Weapon Shop.
   530 | D:1      | Found Wunuis's Distillery.
   651 | D:1      | Found a faded altar of an unknown god.
   769 | D:1      | Reached ** piety under Trog
   770 | D:1      | Reached XP level 3. HP: 27/29 MP: 3/3
  1306 | D:2      | Reached XP level 4. HP: 29/35 MP: 4/4
  1522 | D:2      | Found a hide-covered altar of Uskayaw.
  1573 | D:2      | Found Efej's Antique Armour Emporium.
  1887 | D:2      | Reached XP level 5. HP: 11/42 MP: 5/5
  2638 | D:3      | Noticed Ijyb
  2646 | D:3      | Killed Ijyb
  2647 | D:3      | Reached skill level 4 in Fighting
  2647 | D:3      | Reached skill level 5 in Long Blades
  2751 | D:3      | Found a sacrificial altar of Ru.
  2946 | D:3      | Reached XP level 6. HP: 44/48 MP: 4/6
  2950 | D:3      | Reached *** piety under Trog
  4155 | D:4      | Noticed Grinder
  4178 | D:4      | Killed Grinder
  4179 | D:4      | Reached skill level 5 in Fighting
  4179 | D:4      | Reached XP level 7. HP: 56/56 MP: 5/7
  4368 | D:4      | Found a staircase to the Ecumenical Temple.
  4631 | D:4      | Found an iron altar of Okawaru.
  4632 | D:4      | Found a bloodstained altar of Trog.
  4777 | D:5      | Entered Level 5 of the Dungeon
  4780 | D:5      | Found Tebug's Magic Scroll Boutique.
  4992 | D:5      | Noticed a water moccasin
  4993 | D:5      | Found a white marble altar of Elyvilon.
  5000 | D:5      | Killed a water moccasin
  5001 | D:5      | Reached XP level 8. HP: 63/63 MP: 8/8
  5023 | D:5      | Reached skill level 6 in Fighting
  5456 | D:5      | Found Qolaplui's Book Boutique.
  5480 | D:5      | Bought a scroll of identify for 24 gold pieces
  5480 | D:5      | Bought a scroll of identify for 24 gold pieces
  5480 | D:5      | Bought a scroll of identify for 24 gold pieces
  5480 | D:5      | Bought a scroll of magic mapping for 42 gold pieces
  5480 | D:5      | Bought a scroll of fog for 24 gold pieces
  5523 | D:5      | Identified a scroll of acquirement
  5530 | D:5      | Acquired a manual of Fighting
  5743 | D:5      | Reached **** piety under Trog
  5829 | D:5      | Reached skill level 7 in Fighting
  5962 | D:5      | Reached XP level 9. HP: 60/72 MP: 6/9
  6305 | D:6      | Reached skill level 8 in Fighting
  6512 | D:6      | Reached skill level 9 in Fighting
  6533 | D:6      | Found a shadowy altar of Dithmenos.
  6629 | D:6      | Found a blossoming altar of Fedhas.
  6635 | D:6      | Reached skill level 10 in Fighting
  6681 | D:6      | Found an ornate altar of the Wu Jian Council.
  6758 | D:6      | Found Tonnuc's Book Boutique.
  7106 | D:7      | Noticed Prince Ribbit
  7113 | D:7      | Reached skill level 11 in Fighting
  7130 | D:7      | Killed Prince Ribbit
  7473 | D:7      | Noticed Pikel
  7496 | D:7      | Killed Pikel
  7497 | D:7      | Reached skill level 13 in Fighting
  7497 | D:7      | Reached XP level 10. HP: 92/92 MP: 8/10
  7635 | D:7      | Noticed Maggie
  7657 | D:7      | Killed Maggie
  7658 | D:7      | Reached skill level 14 in Fighting
  7706 | D:7      | Acquired 1188 gold pieces
  7934 | D:1      | Bought a runed scarf for 152 gold pieces
  7946 | D:1      | Bought a potion of heal wounds for 50 gold pieces
  7946 | D:1      | Bought a potion of curing for 30 gold pieces
  7946 | D:1      | Bought a potion of degeneration for 10 gold pieces
  7946 | D:1      | Bought a potion of curing for 30 gold pieces
  7946 | D:1      | Bought a potion of curing for 30 gold pieces
  7946 | D:1      | Bought a potion of curing for 30 gold pieces
  7946 | D:1      | Bought a potion of magic for 80 gold pieces
  7946 | D:1      | Bought a potion of attraction for 30 gold pieces
  8006 | D:1      | Bought a lumpy blue potion for 17 gold pieces
  8006 | D:1      | Bought 2 smoky red potions for 34 gold pieces
  8006 | D:1      | Bought a scroll labelled IFYAWO JEMNA for 19 gold pieces
  8062 | D:2      | Bought a glowing scarf for 216 gold pieces
  8261 | D:4      | Reached skill level 15 in Fighting
  8712 | D:7      | Found an opulent altar of Gozag.
  9010 | D:8      | Reached ***** piety under Trog
  9244 | D:8      | Reached skill level 16 in Fighting
  9344 | D:8      | Received a gift from Trog
  9686 | D:8      | Noticed Psyche
  9699 | D:8      | Killed Psyche
 10004 | D:9      | Reached XP level 11. HP: 73/106 MP: 7/11
 10132 | D:9      | Reached skill level 17 in Fighting
 10391 | D:9      | Found a sparkling altar of Nemelex Xobeh.
 10551 | D:9      | Found an ancient bone altar of Kikubaaqudgha.
 10654 | D:9      | Found a staircase to the Orcish Mines.
 10667 | Orc:1    | Entered Level 1 of the Orcish Mines
 10667 | Orc:1    | Noticed an orc high priest
 10670 | Orc:1    | Noticed an orc sorcerer
 10685 | Orc:1    | Killed an orc high priest
 10773 | Orc:1    | Paralysed by an orc sorcerer for 2 turns
 10782 | Orc:1    | Killed an orc sorcerer
 10812 | Orc:1    | Acquired a +4 ring of evasion
 10817 | Orc:1    | Acquired a manual of Fighting
 10956 | Orc:2    | Entered Level 2 of the Orcish Mines
 10965 | Orc:2    | Reached skill level 18 in Fighting
 11028 | Orc:2    | Noticed an orc knight
 11029 | Orc:2    | Found Reboecw's Jewellery Boutique.
 11030 | Orc:2    | Noticed an orc sorcerer
 11052 | Orc:2    | Noticed a sixfirhy
 11064 | Orc:1    | Killed an orc knight
 11113 | Orc:2    | Killed an orc sorcerer
 11167 | Orc:1    | Noticed Jorgrun
 11309 | Orc:2    | Found a staircase to the Elven Halls.
 11332 | Orc:2    | Reached skill level 19 in Fighting
 11342 | Orc:2    | Noticed an orc sorcerer
 11348 | Orc:2    | Killed an orc sorcerer
 11403 | Orc:2    | Reached XP level 12. HP: 99/119 MP: 9/12
 11415 | Orc:2    | Noticed a sixfirhy
 11415 | Orc:2    | Found Itaocs's General Store.
 11462 | Orc:2    | Bought a potion of invisibility for 104 gold pieces
 11462 | Orc:2    | Bought a potion of ambrosia for 104 gold pieces
 11462 | Orc:2    | Bought a scroll of identify for 26 gold pieces
 11626 | Orc:2    | Noticed an orc high priest
 11649 | Orc:2    | Noticed a soul eater
 11668 | Orc:1    | Slain by an ogre

Illustrated notes

Levels and vault maps discovered:
D:1:      dpeg_arrival_ternary, layout_rooms, serial_shops, shop, shop,
          nicolae_shop_overgrown_old_shop,
          chequers_ecumenical_altar_simple_redux, minivault_23
D:2:      layout_basic, basic_altar, serial_shops, shop_statue
D:3:      layout_basic, mainiacjoe_overflow_alcove_4, uniq_ijyb
D:4:      layout_basic, grunt_temple_overflow_bloody_war,
          minmay_temple_entry_enclosed_plants, uniq_grinder
D:5:      corexii_shantytown, layout_cave_pools, elyvilon_altar_5, serial_shops,
          shop, shop, minmay_crystal_water, serial_park_tiny_2
D:6:      layout_rooms, amcnicky_altar_gilded, grunt_temple_overflow_open,
          serial_shops, nicolae_shop_temple_entry_statues_fountains
D:7:      layout_basic, grunt_gozag_statues, uniq_pikel, uniq_maggie,
          uniq_prince_ribbit1
D:8:      layout_cave_pods, minmay_fractal_squares_gapless_5, uniq_psyche
D:9:      layout_roguey, lemuel_round_altar, kennysheep_little_box, erik_orc_2
Orc:1:    layout_caves, gammafunk_ghost_necromancy, uniq_jorgrun
Orc:2:    grunt_orc_gardens, layout_caves, grunt_orc_garden, grunt_orc_garden,
          grunt_orc_garden, grunt_orc_garden

Skill      XL: |  1  2  3  4  5  6  7  8  9 10 11 |
---------------+----------------------------------+-----
Long Blades    | 4 5 6 7 9 |  9.1
Fighting       | 4 5 7 13 16 19 | 19.8
Armour         | |  2.0
Dodging        | |  2.0

Action                   |  1- 3 |  4- 6 |  7- 9 | 10-12 || total
-------------------------+-------+-------+-------+-------++-------
Melee: Falchion          |    67 |   146 |   313 |    69 ||   595
       Scimitar          |       |       |       |   250 ||   250
Throw: Throwing net      |       |       |       |     1 ||     1
Invok: Berserk           |     3 |     6 |     4 |    14 ||    27
       Trog's Hand       |       |     3 |     1 |     9 ||    13
       Brothers in Arms  |       |       |       |     1 ||     1
Evoke: Wand              |       |       |    10 |    20 ||    30
  Use: Scroll            |       |       |     9 |    10 ||    19
       Potion            |       |       |       |     4 ||     4
 Stab: Sleeping          |       |     4 |       |     1 ||     5
Armor: Animal skin       |    10 |     6 |       |       ||    16
       Chain mail        |       |    35 |   149 |    26 ||   210
       Swamp dragon scal |       |       |       |    35 ||    35
       Troll leather arm |       |       |       |    64 ||    64
Dodge: Dodged            |    39 |    52 |   115 |   221 ||   427

Table legend: (Time is in decaauts)
 A = Elapsed time spent in this place.
 B = Non-inter-level travel time spent in this place.
 C = Inter-level travel time spent in this place.
 D = Time resting spent in this place.
 E = Time spent auto-exploring this place.
 F = Levels seen in this place.
 G = Mean time per level.
                   A        B        C        D        E       F      G
               +--------+--------+--------+--------+--------+-----+--------+
         Total |  11847 |  10830 |   1017 |   1706 |   7032 |  11 | 1077.0 |
       Dungeon |  10891 |   9882 |   1009 |   1576 |   6548 |   9 | 1210.1 |
  Orcish Mines |    956 |    948 |      8 |    130 |    484 |   2 |  478.0 |
               +--------+--------+--------+--------+--------+-----+--------+

Top non-repeatable levels by time:
     D:2: 1853 daAuts
     D:3: 1466 daAuts
     D:5: 1389 daAuts
     D:7: 1280 daAuts
     D:4: 1180 daAuts
     D:8: 977 daAuts
     D:1: 973 daAuts
     D:9: 913 daAuts
     D:6: 857 daAuts
   Orc:2: 683 daAuts
   Orc:1: 272 daAuts
